 Dungeon Crawl Stone Soup version 0.28-a0-998-gb9e9c7b67e (webtiles) character file.

Game seed: 9189569366152913414

40 wotkd0121004 the Sneak (level 3, -1/21 HPs)
             Began as an Octopode Earth Elementalist on Dec 5, 2021.
             Was an Initiate of Gozag.
             Slain by Terence (3 damage)
             ... on level 2 of the Dungeon.
             The game lasted 00:02:12 (1843 turns).

wotkd0121004 the Sneak (OpEE)                       Turns: 1843, Time: 00:02:13

Health: -1/21      AC:  1    Str:  7    XL:     3   Next: 50%
Magic:  2/6        EV: 13    Int: 19    God:    Gozag
Gold:   62         SH:  0    Dex: 12    Spells: 2/6 levels left

rFire   . . .      SeeInvis .   g - +0 spear (venom)
rCold   . . .      Faith    .   (no shield)
rNeg    . . .      Spirit   .   (helmet restricted)
rPois   .          Reflect  .   (no amulet)
rElec   .          Harm     .   f - ring of flight
rCorr   .          Rampage  .   (no ring)
Will    .....                   (no ring)
Stlth   +++.......              (no ring)
HPRegen 0.07/turn               (no ring)
MPRegen 0.10/turn               (no ring)
                                (no ring)
                                (no ring)

@: flying
A: almost no armour, amphibious, 8 rings, camouflage 1, gelatinous body 1,
(nimble swimmer 1), tentacles
a: Renounce Religion, Potion Petition, Call Merchant, Bribe Branch


You were on level 2 of the Dungeon.
You worshipped Gozag.
Gozag was noncommittal.
You visited 1 branch of the dungeon, and saw 2 of its levels.

You collected 82 gold pieces.
You paid 20 gold pieces to Gozag.

Inventory:

Hand Weapons
 e - a +2 dagger of protection
 g - a +0 spear of venom (weapon)
Missiles
 b - 87 stones
Jewellery
 f - a ring of flight (left tentacle)
Scrolls
 d - 2 scrolls of teleportation {unknown}
 h - a scroll of immolation {unknown}
Potions
 a - a potion of degeneration {unknown}
 c - a potion of might {unknown}


   Skills:
 + Level 2.2 Dodging
 * Level 3.6 Stealth
 + Level 2.2 Spellcasting
 + Level 1.5 Transmutations
 * Level 3.5 Earth Magic


You had 2 spell levels left.
You knew the following spells:

 Your Spells              Type           Power      Damage    Failure   Level
a - Sandblast             Erth           30%        2d9       3%          1
b - Stone Arrow           Conj/Erth      16%        3d8       24%         3

Your spell library contained the following spells:

 Spells                   Type           Power      Damage    Failure   Level
 Passwall                 Tmut/Erth      9%         N/A       9%          2
 Ensorcelled Hibernation  Hex/Ice        4%         N/A       26%         2
 Tukima's Dance           Hex            2%         N/A       45%         3
 Petrify                  Tmut/Erth      11%        N/A       52%         4


Dungeon Overview and Level Annotations

Branches:
Dungeon (2/15)

Altars:
Gozag

Annotations:
D:2 Terence


Innate Abilities, Weirdness & Mutations

You cannot wear most types of armour.
You are amphibious.
You can wear up to eight rings at the same time.
Your skin changes colour to match your surroundings (Stealth+).
Your rubbery body absorbs attacks. (AC +1, EV +1)
((You are camouflaged near water. (Stealth+)))
You have tentacles for arms and can constrict up to eight enemies at once.


Message History

Terence shouts!
Terence is heavily wounded.
Terence is distracted by your dazzling golden aura.
Casting: Sandblast (safe; 3% risk of failure)
Confirm with . or Enter, or press ? or * to list all spells.
Aiming: Sandblast (safe; 3% risk of failure)
Press: ? - help, Shift-Dir - straight line, f/p - Terence
Aim: Terence, wielding a +0 vorpal trident and wearing a +0 chain mail (heavily wounded, unaware, very poisoned, hasn't noticed you, 85% to hit)
The blast of sand hits Terence but does no damage.
Terence is heavily wounded.
Terence is no longer distracted by gold.
Terence shouts!
Terence misses you.
Casting: Sandblast (safe; 3% risk of failure)
Confirm with . or Enter, or press ? or * to list all spells.
Aiming: Sandblast (safe; 3% risk of failure)
Press: ? - help, Shift-Dir - straight line, f/p - Terence
Aim: Terence, wielding a +0 vorpal trident and wearing a +0 chain mail (heavily wounded, very poisoned, 85% to hit)
The blast of sand hits Terence but does no damage.
Terence is heavily wounded.
Terence closely misses you.
Casting: Sandblast (safe; 3% risk of failure)
Confirm with . or Enter, or press ? or * to list all spells.
Aiming: Sandblast (safe; 3% risk of failure)
Press: ? - help, Shift-Dir - straight line, f/p - Terence
Aim: Terence, wielding a +0 vorpal trident and wearing a +0 chain mail (heavily wounded, poisoned, 85% to hit)
The blast of sand hits Terence but does no damage.
Terence is heavily wounded.
Terence misses you.
Casting: Sandblast (safe; 3% risk of failure)
Confirm with . or Enter, or press ? or * to list all spells.
Aiming: Sandblast (safe; 3% risk of failure)
Press: ? - help, Shift-Dir - straight line, f/p - Terence
Aim: Terence, wielding a +0 vorpal trident and wearing a +0 chain mail (severely wounded, poisoned, 85% to hit)
The blast of sand hits Terence but does no damage.
Terence is severely wounded.
Terence hits you from afar with a +0 vorpal trident!
* * * LOW HITPOINT WARNING * * *
You die...
Your body crumbles into a pile of gold.

.### ....
...$ .... ..#
#$.. ..#
#.#.## ..#
#.#..# # #.#
#.##.###.#
#.#
#.$......#
#.#
#..##.##.#
#.#.#
#.@##..#.#
#.#.#
#$.###.#.#
#.#.# #.@#
#.#.# #.#.#
#.(# #.#.#
..#.########
#..#
#.#.#####
###........##
#..#
#.#.....# ##
............#
....
#.......# #.
.)..........#
#.##
##......# #.
.........†..#
#......#####.


You could see Terence (poisoned).

Vanquished Creatures
  3 dart slugs (D:1)
  A bat (D:2)
  4 endoplasms (D:1)
  3 giant cockroaches (D:1)
  A goblin (D:2)
  2 hobgoblins (D:1)
  3 jackals (D:1)
  2 kobolds
  3 quokkas
  2 ball pythons (D:1)
  3 frilled lizards
  3 rats
30 creatures vanquished.

Notes
Turn   | Place    | Note
-------+----------+-------------------------------------------
     0 | D:1      | wotkd0121004 the Octopode Earth Elementalist began the
                  | quest for the Orb.
     0 | D:1      | Reached XP level 1. HP: 11/11 MP: 3/3
   244 | D:1      | Reached XP level 2. HP: 9/17 MP: 3/5
   960 | D:1      | Reached XP level 3. HP: 21/21 MP: 6/6
  1616 | D:1      | Learned a level 3 spell: Stone Arrow
  1717 | D:2      | Found an opulent altar of Gozag.
  1731 | D:2      | Became a worshipper of Gozag Ym Sagoz the Greedy
  1831 | D:2      | Noticed Terence
  1843 | D:2      | Slain by Terence

Illustrated notes

Levels and vault maps discovered:
D:1:      tarquinn_simple_flora_water_e, layout_basic
D:2:      layout_basic, basic_altar, wander_ebering_terrifying_dragon_lair,
          uniq_robin, uniq_terence

Skill      XL: |  1 |
---------------+----+-----
Stealth        | 3 |  3.6
Dodging        | |  2.2
Spellcasting   | |  2.2
Transmutations | |  1.5
Earth Magic    | |  3.5

Action                   || total
-------------------------++-------
Melee: Unarmed           ||    25
       Constrict         ||    12
       Tentacles         ||    11
       Spear             ||    43
 Cast: Sandblast         ||    19
 Stab: Sleeping          ||     9
Armor: Skin              ||     1
Dodge: Dodged            ||    50

Table legend: (Time is in decaauts)
 A = Elapsed time spent in this place.
 B = Non-inter-level travel time spent in this place.
 C = Inter-level travel time spent in this place.
 D = Time resting spent in this place.
 E = Time spent auto-exploring this place.
 F = Levels seen in this place.
 G = Mean time per level.
                   A        B        C        D        E       F      G
               +--------+--------+--------+--------+--------+-----+--------+
         Total |   1845 |   1833 |     12 |    215 |   1371 |   2 |  922.5 |
       Dungeon |   1845 |   1833 |     12 |    215 |   1371 |   2 |  922.5 |
               +--------+--------+--------+--------+--------+-----+--------+

Top non-repeatable levels by time:
     D:1: 1630 daAuts
     D:2: 214 daAuts
